 Dungeon Crawl Stone Soup version 0.31.0-11-ge490571c62 (webtiles) character file.

Game seed: 6178877305455318016

1141 qw the Skirmisher (level 8, -8/40 HPs)
             Began as a Spriggan Hunter on Feb 4, 2024.
             Was an Initiate of Okawaru.
             Mangled by a two-headed ogre
             ... wielding a +0 giant club
              (22 damage)
             ... on level 5 of the Dungeon.
             The game lasted 00:00:24 (4679 turns).

qw the Skirmisher (Spriggan Hunter)                 Turns: 4679, Time: 00:00:25

Health: -8/40      AC:  2    Str:  7    XL:     8   Next: 14%
Magic:  9/9        EV: 24    Int: 11    God:    Okawaru [......]
Gold:   199        SH:  0    Dex: 20    Spells: 7/7 levels left

rFire   . . .        a - +1 shortbow
rCold   . . .        (shield currently unavailable)
rNeg    . . .        c - +0 robe
rPois   .            (helmet restricted)
rElec   .            (no cloak)
rCorr   .            (gloves unavailable)
SInv    +            (boots unavailable)
Will    +....        g - amulet of the acrobat
Stlth   ++           (no ring)
HPRegen 0.26/turn    (no ring)
MPRegen 0.11/turn

%: acrobat
@: very quick
A: very small, no large weapons, unfitting armour, see invisible, speed 3, beak
a: Renounce Religion


You were on level 5 of the Dungeon.
You worshipped Okawaru.
Okawaru was noncommittal.
You visited 2 branches of the dungeon, and saw 6 of its levels.
You also visited: Sewer.

You collected 199 gold pieces.


Innate Abilities, Weirdness & Mutations

You are very small and have problems with some larger weapons.
You are too small for most types of armour.
You have supernaturally acute eyesight. (SInv)
You cover ground extremely quickly. (Speed+++)
You have a beak for a mouth.


   Skills:
 - Level 3.0 Fighting
 - Level 11.4 Ranged Weapons
 + Level 8.8 Dodging
 - Level 1.5 Stealth


You had 7 spell levels left.
You didn't know any spells.
Your spell library was empty.

Inventory:

Hand Weapons
 a - a +1 shortbow (weapon)
Armour
 c - a +0 robe (worn)
Jewellery
 g - an amulet of the acrobat (around neck)
Scrolls
 b - a scroll of identify
 e - a scroll of fear {unknown}
 j - 2 scrolls of teleportation
Potions
 d - a potion of lignification {unknown}
 f - 2 potions of mutation
 h - 3 potions of curing
 i - a potion of magic {unknown}

Dungeon Overview and Level Annotations

Branches:
Dungeon (5/15)             Temple (1/1) D:4           Sewer (visited)

Altars:
Ashenzari
Dithmenos
Elyvilon
Gozag
Hepliaklqana
Kikubaaqudgha
Makhleb
Nemelex Xobeh
Okawaru
Qazlal
Ru
Sif Muna
Trog
Uskayaw
Vehumet
Xom
Zin
The Shining One

Shops:
D:4 (


Message History

The arrow barely misses the two-headed ogre.
The arrow hits the scorpion!
The scorpion is moderately wounded.
You shoot an arrow. The arrow hits the two-headed ogre.
The two-headed ogre is moderately wounded.
You shoot an arrow.
The arrow hits the two-headed ogre but does no damage.
The two-headed ogre is moderately wounded.
The two-headed ogre hits you with a +0 giant club!!
Ouch! That really hurt!
The two-headed ogre hits you with a +0 giant club.
4566 ||| READING 3 scrolls of teleportation.
As you read the scroll of teleportation, it crumbles to dust.
You feel strangely unstable.
You shoot an arrow.
The arrow hits the two-headed ogre but does no damage.
The two-headed ogre is moderately wounded.
The two-headed ogre closely misses you. The two-headed ogre barely misses you.
You shoot an arrow.
The arrow completely misses the two-headed ogre.
The arrow closely misses the scorpion.
You shoot an arrow. The arrow hits the two-headed ogre.
The two-headed ogre is moderately wounded.
Your surroundings suddenly seem different.
You start resting.
A two-headed ogre is nearby!
4643 ||| FLEEEEING.
4644 ||| FLEEEEING.
You start resting.
A two-headed ogre is nearby!
You shoot an arrow.
The arrow barely misses the two-headed ogre.
The two-headed ogre shouts in stereo!
The two-headed ogre barely misses you.
The two-headed ogre hits you with a +0 giant club!!
You shoot an arrow. The arrow hits the two-headed ogre.
The two-headed ogre is lightly wounded.
The two-headed ogre hits you with a +0 giant club!!
Ouch! That really hurt!
You die...

~.#..).###########.#
#.# ~.####.#### #.#
#.# ~.# #....####
#.# #.# ..#
####.)..# #.# #.#
############.#####.#
##(#
.................#.#
#..#
###############....#
#####.##
##.O.####.....#
#@#....O.#####
#.#>[..### #.#....#
#.#....# #[#....#
#.###### #.#
############# #.#
#...........# #.#
#.#########.#


You could see a two-headed ogre.

Vanquished Creatures
  Grinder (D:4)
  An ogre (D:4)
  A phantom (D:5)
  A bullfrog (Sewer)
  2 scorpions
  A hound (D:4)
  2 bombardier beetles
  An orc priest (D:3)
  2 iguanas
  3 orc wizards
  10 adders
  4 gnolls (D:4)
  A shadow imp (D:5)
  3 ribbon worms
  11 dart slugs
  13 orcs
  21 endoplasms
  16 giant cockroaches
  11 goblins
  7 hobgoblins
  7 jackals
  7 kobolds
  5 quokkas
  10 ball pythons
  5 bats
  12 frilled lizards
  5 rats
163 creatures vanquished.

Notes
Turn   | Place    | Note
-------+----------+-------------------------------------------
     0 | D:1      | qw the Spriggan Hunter began the quest for the Orb.
     0 | D:1      | Reached XP level 1. HP: 10/10 MP: 2/2
     0 | D:1      | 0 ||| qw: Version: 0.3-a-160-g6735b56
     0 | D:1      | 0 ||| qw: Game counter: 5210
     0 | D:1      | 0 ||| qw: Melee chars always use a shield: true
     0 | D:1      | 0 ||| qw: God list: Okawaru
     0 | D:1      | 0 ||| qw: Allow faded altars: false
     0 | D:1      | 0 ||| qw: Do Orc after clearing Dungeon:15 true
     0 | D:1      | 0 ||| qw: Do second Lair branch before Depths: true
     0 | D:1      | 0 ||| qw: Lair rune preference: random
     0 | D:1      | 0 ||| qw: Goals: Normal
     0 | D:1      | 0 ||| PLANNING D:1-11
    29 | D:1      | Reached skill level 3 in Dodging
   122 | D:1      | Reached XP level 2. HP: 14/14 MP: 3/3
   474 | D:1      | Reached XP level 3. HP: 18/18 MP: 4/4
   883 | D:1      | 883 ||| UPGRADING to amulet of the acrobat.
   888 | D:1      | 888 ||| READING scroll labelled SOGUSM ZULAULL.
   888 | D:1      | 888 ||| IDENTIFYING silvery potion
   889 | D:1      | 889 ||| DRINKING potion of experience.
   889 | D:1      | Reached skill level 11 in Ranged Weapons
   889 | D:1      | Reached XP level 4. HP: 22/22 MP: 5/5
   890 | D:1      | 890 ||| READING scroll labelled YRPHAOQUA JAUM.
   891 | D:1      | 891 ||| DROPPING scroll of butterflies.
  1107 | D:2      | Found a faded altar of an unknown god.
  1629 | D:2      | 1629 ||| DROPPING amulet of magic regeneration.
  1630 | D:2      | 1630 ||| READING 2 scrolls of identify.
  1630 | D:2      | 1630 ||| IDENTIFYING fuming clear potion
  1631 | D:2      | 1631 ||| READING scroll of identify.
  1631 | D:2      | 1631 ||| IDENTIFYING blue potion
  1632 | D:2      | 1632 ||| READING scroll labelled ATEOPI CAPIRO.
  1633 | D:2      | 1633 ||| READING 4 scrolls labelled BUZOKK MOTI.
  1638 | D:2      | 1638 ||| DRINKING 3 pink potions.
  1638 | D:2      | Gained mutation: You have a beak for a mouth. [potion of
                  | mutation]
  1639 | D:2      | 1639 ||| DRINKING 2 coppery potions.
  1640 | D:2      | 1640 ||| DROPPING potion of berserk rage.
  1641 | D:2      | 1641 ||| DROPPING potion of attraction.
  1747 | D:3      | Found a burning altar of Makhleb.
  1782 | D:3      | Reached XP level 5. HP: 24/25 MP: 6/6
  1930 | D:3      | 1930 ||| FLEEEEING.
  1931 | D:3      | 1931 ||| FLEEEEING.
  1932 | D:3      | 1932 ||| FLEEEEING.
  1933 | D:3      | 1933 ||| FLEEEEING.
  1934 | D:3      | 1934 ||| FLEEEEING.
  1935 | D:3      | 1935 ||| FLEEEEING.
  1936 | D:3      | 1936 ||| FLEEEEING.
  1937 | D:3      | 1937 ||| FLEEEEING.
  1940 | D:3      | 1940 ||| FLEEEEING.
  1941 | D:3      | 1941 ||| FLEEEEING.
  1942 | D:3      | 1942 ||| FLEEEEING.
  1943 | D:3      | 1943 ||| FLEEEEING.
  1944 | D:3      | 1944 ||| FLEEEEING.
  1945 | D:3      | 1945 ||| FLEEEEING.
  1946 | D:3      | 1946 ||| FLEEEEING.
  1947 | D:3      | 1947 ||| FLEEEEING.
  1948 | D:3      | 1948 ||| FLEEEEING.
  1951 | D:3      | 1951 ||| FLEEEEING.
  1952 | D:3      | 1952 ||| FLEEEEING.
  1953 | D:3      | 1953 ||| FLEEEEING.
  1954 | D:3      | 1954 ||| FLEEEEING.
  1955 | D:3      | 1955 ||| FLEEEEING.
  1957 | D:3      | 1957 ||| FLEEEEING.
  1958 | D:3      | 1958 ||| FLEEEEING.
  1960 | D:3      | 1960 ||| FLEEEEING.
  1961 | D:3      | 1961 ||| FLEEEEING.
  1962 | D:3      | 1962 ||| FLEEEEING.
  1963 | D:3      | 1963 ||| STAIRDANCE
  1985 | D:2      | 1985 ||| READING scroll of identify.
  1985 | D:2      | 1985 ||| IDENTIFYING brown potion
  1986 | D:2      | 1986 ||| READING scroll labelled MIKHLE MOUMNA.
  2087 | D:2      | 2087 ||| READING scroll labelled ZONTIZE CEYV.
  2188 | D:2      | 2188 ||| DROPPING potion of degeneration.
  2191 | D:3      | 2191 ||| STAIRDANCE
  2366 | D:3      | 2366 ||| FLEEEEING.
  2367 | D:3      | 2367 ||| FLEEEEING.
  2368 | D:3      | 2368 ||| FLEEEEING.
  2370 | D:3      | 2370 ||| FLEEEEING.
  2371 | D:3      | 2371 ||| FLEEEEING.
  2372 | D:3      | 2372 ||| FLEEEEING.
  2373 | D:3      | 2373 ||| FLEEEEING.
  2374 | D:3      | 2374 ||| FLEEEEING.
  2375 | D:3      | 2375 ||| FLEEEEING.
  2377 | D:3      | 2377 ||| FLEEEEING.
  2379 | D:3      | 2379 ||| FLEEEEING.
  2380 | D:3      | 2380 ||| FLEEEEING.
  2381 | D:3      | 2381 ||| FLEEEEING.
  2383 | D:3      | 2383 ||| FLEEEEING.
  2384 | D:3      | 2384 ||| FLEEEEING.
  2385 | D:3      | 2385 ||| FLEEEEING.
  2386 | D:3      | 2386 ||| FLEEEEING.
  2387 | D:3      | 2387 ||| FLEEEEING.
  2388 | D:3      | 2388 ||| FLEEEEING.
  2389 | D:3      | 2389 ||| FLEEEEING.
  2390 | D:3      | 2390 ||| FLEEEEING.
  2391 | D:3      | 2391 ||| FLEEEEING.
  2392 | D:3      | 2392 ||| FLEEEEING.
  2396 | D:3      | 2396 ||| FLEEEEING.
  2397 | D:3      | 2397 ||| FLEEEEING.
  2398 | D:3      | 2398 ||| FLEEEEING.
  2399 | D:3      | 2399 ||| FLEEEEING.
  2666 | D:3      | Found a bloodstained altar of Trog.
  2672 | D:3      | Reached XP level 6. HP: 30/30 MP: 7/7
  2705 | D:4      | 2705 ||| PLANNING SEWER
  2707 | D:4      | 2707 ||| STAIRDANCE
  2758 | D:4      | Found a staircase to the Ecumenical Temple.
  2761 | D:4      | Found Peidas's Antique Weapon Shoppe.
  2768 | D:4      | Found an ancient bone altar of Kikubaaqudgha.
  2820 | D:4      | Reached skill level 6 in Dodging
  2843 | D:4      | 2843 ||| SHOPLISTING glowing orcbow (136 gold, have 119).
  2857 | D:4      | Noticed Grinder
  2871 | D:4      | 2871 ||| RETREEEEATING.
  2888 | D:4      | HP: 5/30 [Grinder (6)]
  2888 | D:4      | HP: 2/30 [Grinder (3)]
  2889 | D:4      | 2889 ||| READING 4 scrolls of teleportation.
  2890 | D:4      | Killed Grinder
  2891 | D:4      | Reached XP level 7. HP: 2/35 MP: 8/8
  3452 | D:4      | Reached skill level 3 in Fighting
  3567 | D:4      | Found a glowing drain.
  3568 | D:4      | 3568 ||| RIP SEWER
  3568 | D:4      | 3568 ||| PLANNING TEMPLE
  3568 | D:4      | 3568 ||| READING scroll of identify.
  3568 | D:4      | 3568 ||| IDENTIFYING scroll labelled ZIAMEGH LUXZAF
  3569 | D:4      | 3569 ||| READING scroll of enchant weapon.
  3569 | D:4      | 3569 ||| ENCHANTING +0 shortbow.
  3591 | Temple   | Entered the Ecumenical Temple
  3592 | Temple   | 3592 ||| PLANNING OKAWARU WORSHIP
  3601 | Temple   | Became a worshipper of Warmaster Okawaru
  3602 | Temple   | 3602 ||| PLANNING D:1-11
  3613 | D:4      | 3613 ||| PLANNING SEWER
  3636 | Sewer    | Entered a sewer
  3994 | Sewer    | 3994 ||| READING scroll labelled ERPHISTRONIPT.
  4008 | D:4      | 4008 ||| PLANNING D:1-11
  4036 | D:5      | Entered Level 5 of the Dungeon
  4126 | D:5      | 4126 ||| FLEEEEING.
  4127 | D:5      | 4127 ||| FLEEEEING.
  4128 | D:5      | 4128 ||| FLEEEEING.
  4129 | D:5      | 4129 ||| FLEEEEING.
  4130 | D:5      | 4130 ||| FLEEEEING.
  4131 | D:5      | 4131 ||| FLEEEEING.
  4132 | D:5      | 4132 ||| FLEEEEING.
  4164 | D:5      | Found a stormy altar of Qazlal.
  4173 | D:5      | Reached XP level 8. HP: 40/40 MP: 9/9
  4558 | D:5      | Noticed a two-headed ogre
  4565 | D:5      | HP: 8/40 [two-headed ogre/+0 giant club (32)]
  4565 | D:5      | HP: 3/40 [two-headed ogre/+0 giant club (5)]
  4566 | D:5      | 4566 ||| READING 3 scrolls of teleportation.
  4643 | D:5      | 4643 ||| FLEEEEING.
  4644 | D:5      | 4644 ||| FLEEEEING.
  4679 | D:5      | Mangled by a two-headed ogre

Levels and vault maps discovered:
D:1:      dpeg_arrival_more_subterranean_lakeside_camping, layout_basic
D:2:      layout_basic, ebering_ecumenical_altar_sacrificial
D:3:      layout_loops_cross, bloody_makhleb,
          mainiacjoe_overflow_surrounded_room
D:4:      layout_gridville, mainiacjoe_overflow_tiny_flanked,
          minmay_temple_entry_mini_moons, serial_shops, nicolae_shop_peninsula,
          gup_sewer_entry_bowl, grunt_decor_one_mirror, uniq_grinder
D:5:      layout_basic, kennysheep_mini_moat, nrook_pool_corridor
Temple:   nicolae_temple_two_arcs

Skill      XL: |  1  2  3  4  5  6  7 |
---------------+----------------------+-----
Dodging        | 3 4 5 7 8 |  8.8
Ranged Weapons | 11 | 11.4
Fighting       | 2 3 |  3.0
Stealth        | |  1.5

Action                     |  1- 3 |  4- 6 |  7- 9 || total
---------------------------+-------+-------+-------++-------
   Fire: Shortbow          |    99 |   176 |   240 ||   515
    Use: Scroll            |     1 |     9 |     4 ||    14
         Potion            |     1 |     2 |       ||     3
 Armour: Robe              |    11 |    10 |    14 ||    35
  Dodge: Dodged            |    38 |    22 |    69 ||   129

Table legend:
 A = Non-vault XP
 B = Vault XP
 C = Vault XP percentage of total XP
 D = Non-vault monster count
 E = Vault monster count
 F = Vault count percentage of total count
                 A         B        C        D         E       F
            +---------+---------+-------+---------+---------+-------
      Total |    1061 |     508 |  32.4 |     112 |      51 |  31.3
            +---------+---------+-------+---------+---------+-------
        D:1 |      48 |       0 |   0.0 |      27 |       0 |   0.0
        D:2 |      37 |       0 |   0.0 |      15 |       0 |   0.0
        D:3 |     238 |       0 |   0.0 |      34 |       0 |   0.0
        D:4 |     436 |     287 |  39.7 |      25 |       5 |  16.7
        D:5 |     302 |       0 |   0.0 |      11 |       0 |   0.0
      Sewer |       0 |     221 | 100.0 |       0 |      46 | 100.0
            +---------+---------+-------+---------+---------+-------
